 Dungeon Crawl Stone Soup version 0.31.0-12-g77e489cdc1 (webtiles) character file.

Game seed: 5388488014592812549

3247 hawla the Carver (level 9, -1/105 HPs)
             Began as a Minotaur Fighter on Mar 3, 2024.
             Killed from afar by Maurice (7 damage)
             ... with a bolt of acid
             ... on level 7 of the Dungeon.
             The game lasted 00:13:43 (7218 turns).

hawla the Carver (Minotaur Fighter)                 Turns: 7218, Time: 00:13:43

Health: -1/105     AC: 10    Str: 27    XL:     9   Next: 67%
Magic:  0/8        EV: 10    Int:  5    God:
Gold:   0          SH:  5    Dex: 14    Spells: 8/8 levels left

rFire   . . .        a - +0 long sword
rCold   . . .        c - +0 buckler
rNeg    . . .        q - +0 chain mail
rPois   +            (helmet restricted)
rElec   +            (no cloak)
rCorr   .            l - +0 pair of gloves
SInv    .            (no boots)
Will    .....        k - amulet of guardian spirit Stlth
                     h - ring of poison resistance
HPRegen 0.37/turn    v - +6 ring of strength
MPRegen 0.11/turn

%: guardian spirit
@: berserking, very quick
A: horns 2, retaliatory headbutt, electricity resistance
a: no special abilities


You were on level 7 of the Dungeon.
You visited 1 branch of the dungeon, and saw 8 of its levels.

Inventory:

Hand Weapons
 a - a +0 long sword (weapon)
Armour
 c - a +0 buckler (worn)
 l - a +0 pair of gloves (worn)
 q - a +0 chain mail (worn)
Jewellery
 e - a ring of resist corrosion
 h - a ring of poison resistance (left hand)
 k - an amulet of guardian spirit (around neck)
 u - a ring of protection from cold
 v - a +6 ring of strength (right hand)
Wands
 m - a wand of flame (4)
 p - a wand of charming (11)
Scrolls
 f - 2 scrolls of teleportation
 g - a scroll of brand weapon {unknown}
 i - 2 scrolls of poison
 n - a scroll of blinking
 o - a scroll of torment
 r - 2 scrolls of enchant weapon
Potions
 b - a potion of berserk rage
 d - a potion of might


   Skills:
 - Level 3.6 Fighting
 - Level 14.0 Long Blades
 + Level 4.8 Throwing
 - Level 3.6 Armour
 - Level 3.0 Dodging
 - Level 5.0 Shields
 + Level 2.2 Evocations


You had 8 spell levels left.
You didn't know any spells.
Your spell library was empty.

Dungeon Overview and Level Annotations

Branches:
Dungeon (8/15)             Temple (0/1) D:6
   Lair: D:8-11

Altars:
Cheibriados
Dithmenos
Gozag
Hepliaklqana
Makhleb
Qazlal
Xom

Shops:
D:7 *

Annotations:
D:7 Maurice


Innate Abilities, Weirdness & Mutations

You have a pair of horns on your head.
You reflexively headbutt those who attack you in melee.
You are resistant to electric shocks. (rElec)


Message History

The bolt of acid hits you! Something hits you.
Something steals 19 gold pieces!
You now have 0 gold pieces.
Something bites you but does no damage.
You closely miss something.
You hear a zap.
A bolt of acid appears from out of thin air!
The bolt of acid hits you.
You hit something. Something hits you.
Something groans, "What are you, a monk?"
Something bites you but does no damage.
You closely miss something. Your headbutt misses something. You miss something.
You hear a zap.
A bolt of acid appears from out of thin air!
The bolt of acid hits you!
* * * LOW HITPOINT WARNING * * *
You miss something. Something hits you.
* * * LOW HITPOINT WARNING * * *
Something mutters, "Now where did you hide it?"
Something bites you!
* * * LOW HITPOINT WARNING * * *
You feel your power leaking away. Something drains your magic.
It was a potion of berserk rage.
A red film seems to cover your vision as you go berserk!
You feel yourself moving faster!
You feel mighty! Something hits you.
* * * LOW HITPOINT WARNING * * *
Something groans, "What are you, a monk?"
Something bites you but does no damage.
You closely miss something. Your headbutt misses something. You hit something.
Something hits you!
* * * LOW HITPOINT WARNING * * *
Something grunts, "Curses!"
Something bites you but does no damage.
You closely miss something. You hit something. Your headbutt misses something.
You hear a zap.
A bolt of acid appears from out of thin air!
The bolt of acid hits you!
You die...

................# #...
............###.# #.##
.#.......#..# #.# #...
.##.....##..# #.# ###########...
..##.....#..# #.# #..([.........
.......f....###.####.#######[##..
#.####...##.#.....##.# #.###. #.#
##.###.#.....##[# #..... ... ...#
#.#...@.##.# #.###.
.....######.....{....# #.###.
#.##.........(....#### #.##.. .
#############..# #.##..
#.).######..### #.##..
#...........∩.# #.....
#######.....#.# #.#### #.....#.#
#.# # #######.# #.####


There were no monsters in sight!

Vanquished Creatures
  A steam dragon (D:7)
  An acid dragon (D:5)
  A water moccasin (D:8)
  An ice beast (D:3)
  A sky beast (D:6)
  3 ogres (D:5)
  3 phantoms
  5 bullfrogs
  A gnoll sergeant (D:8)
  5 scorpions
  4 wights (D:7)
  9 killer bees (D:6)
  A howler monkey (D:7)
  A bombardier beetle (D:3)
  3 hounds
  A jelly (D:5)
  5 orc priests
  A sleepcap (D:4)
  A gnoll bouda (D:7)
  An iguana (D:6)
  8 orc wizards
  3 adders
  8 gnolls
  A shadow imp (D:7)
  2 white imps
  4 ufetubi
  2 ribbon worms
  2 dart slugs
  27 orcs
  5 bats
  7 endoplasms
  3 giant cockroaches
  9 goblins
  10 hobgoblins
  6 jackals
  13 kobolds
  2 quokkas
  6 ball pythons
  3 frilled lizards
  7 rats
177 creatures vanquished.

Vanquished Creatures (collateral kills)
  An orc warrior (D:8)
1 creature vanquished.

Grand Total: 178 creatures vanquished

Notes
Turn   | Place    | Note
-------+----------+-------------------------------------------
     0 | D:1      | hawla the Minotaur Fighter began the quest for the Orb.
     0 | D:1      | Reached XP level 1. HP: 19/19 MP: 0/0
    79 | D:1      | Reached skill level 1 in Dodging
    79 | D:1      | Reached XP level 2. HP: 14/26 MP: 1/1
   723 | D:2      | Reached XP level 3. HP: 31/31 MP: 2/2
  1026 | D:2      | Found a stormy altar of Qazlal.
  1330 | D:3      | Identified the serpent talisman of the Silversmith {MP-9
                  | Str+2 Int+5}
  1341 | D:3      | Reached skill level 5 in Shields
  1341 | D:3      | Reached XP level 4. HP: 37/39 MP: 1/3
  1398 | D:3      | Found a burning altar of Makhleb.
  1409 | D:3      | Reached skill level 3 in Long Blades
  1424 | D:3      | Noticed an ice beast
  1436 | D:3      | Killed an ice beast
  1437 | D:3      | Reached skill level 5 in Long Blades
  1437 | D:3      | Reached XP level 5. HP: 25/45 MP: 2/4
  1861 | D:3      | Found a snail-covered altar of Cheibriados.
  1869 | D:3      | Found a shadowy altar of Dithmenos.
  2027 | D:4      | Reached skill level 6 in Long Blades
  2027 | D:4      | Reached XP level 6. HP: 38/51 MP: 5/5
  2294 | D:4      | Reached skill level 7 in Long Blades
  2439 | D:4      | Found a shimmering altar of Xom.
  2440 | D:4      | Found a hazy altar of Hepliaklqana.
  2440 | D:4      | Noticed a yak
  2441 | D:4      | Noticed a spectral ugly thing
  2441 | D:4      | Noticed a yak
  2558 | D:4      | Reached XP level 7. HP: 57/57 MP: 6/6
  2729 | D:5      | Entered Level 5 of the Dungeon
  2742 | D:5      | Reached skill level 8 in Long Blades
  3024 | D:5      | Reached skill level 9 in Long Blades
  3291 | D:5      | Reached skill level 10 in Long Blades
  3317 | D:5      | Reached XP level 8. HP: 23/64 MP: 3/7
  3528 | D:5      | Reached skill level 11 in Long Blades
  4150 | D:6      | Reached skill level 12 in Long Blades
  4688 | D:6      | Reached skill level 13 in Long Blades
  4833 | D:6      | Found a staircase to the Ecumenical Temple.
  4943 | D:7      | Reached XP level 9. HP: 68/70 MP: 8/8
  5001 | D:7      | Noticed Maurice
  5013 | D:7      | Something stole a ring of fire
  5014 | D:7      | Something stole 13 poisoned darts
  5015 | D:7      | Something stole 265 gold
  5446 | D:7      | Found Erairr's General Store.
  5577 | D:7      | Reached skill level 14 in Long Blades
  5680 | D:7      | Reached skill level 1 in Throwing
  5739 | D:7      | Noticed a tengu warrior
  6005 | D:7      | Found an opulent altar of Gozag.
  6115 | D:7      | Maurice stole 18 gold
  6651 | D:8      | Reached skill level 1 in Evocations
  6662 | D:8      | Gained mutation: You are resistant to electric shocks.
                  | (rElec) [potion of mutation]
  7208 | D:7      | Something stole 19 gold
  7216 | D:7      | HP: 5/105 [something (7)]
  7218 | D:7      | Killed from afar by Maurice

Illustrated notes

Levels and vault maps discovered:
D:1:      nzn_arrival_depleted_hourglass, layout_basic
D:2:      minmay_alternating_diamond, layout_rooms, basic_altar,
          minmay_goblin_outpost
D:3:      layout_rooms, jmf_multi_god_temple2, lemuel_crystal_altar
D:4:      layout_loops_ring, regret_index_temple_of_mockery
D:5:      layout_basic
D:6:      layout_rooms, temple_fountains
D:7:      nzn_winding_woodlands_stair_cross [nzn_winding_woodlands_5x15_pockets,
          nzn_winding_woodlands_center_diamonds,
          nzn_winding_woodlands_5x15_pool,
          nzn_winding_woodlands_5x5_checkerboard,
          nzn_winding_woodlands_5x5_three,
          nzn_winding_woodlands_5x15_split_checker,
          nzn_winding_woodlands_center_triple_pond,
          nzn_winding_woodlands_5x15_crooked], layout_loops_ring,
          general_overflow_altar, serial_shops, shop, skrybe_limestone_x,
          uniq_maurice
D:8:      layout_gridville, gammafunk_temple_overflow_forgotten, st_stairs_12

Skill      XL: |  1  2  3  4  5  6  7  8  9 |
---------------+----------------------------+-----
Dodging        | 1 2 3 |  3.0
Shields        | 4 5 |  5.0
Long Blades    | 5 6 7 10 13 14 | 14.0
Throwing       | 4 |  4.8
Evocations     | 2 |  2.2
Fighting       | |  3.6
Armour         | |  3.6

Action                     |  1- 3 |  4- 6 |  7- 9 || total
---------------------------+-------+-------+-------++-------
  Melee: Long sword        |    99 |   120 |   412 ||   631
         Headbutt          |    16 |    26 |    62 ||   104
  Throw: Dart              |       |       |    12 ||    12
  Evoke: Wand              |       |       |    12 ||    12
    Use: Scroll            |       |     3 |    11 ||    14
         Potion            |       |       |     7 ||     7
 Armour: Scale mail        |    70 |    71 |       ||   141
         Chain mail        |       |       |   344 ||   344
         Skin              |       |       |     5 ||     5
  Dodge: Dodged            |    49 |    61 |   144 ||   254
  Block: Buckler           |    24 |    34 |    87 ||   145
